 Dungeon Crawl Stone Soup version 0.24.0-13-gcf9b3192b9 (webtiles) character file.

Game seed: 12284169221042538596, levelgen mode: deterministic

1718 Arixos the Skirmisher (level 8, -2/62 HPs)
             Began as a Mummy Abyssal Knight on Nov 7, 2019.
             Was an Elder of Lugonu.
             Slain by an ogre
             ... wielding a +0 giant club
              (17 damage)
             ... on level 7 of the Dungeon.
             The game lasted 00:17:58 (6240 turns).

Arixos the Skirmisher (Mummy Abyssal Knight)        Turns: 6240, Time: 00:17:59

Health: -2/62      AC: 10    Str: 17    XL:     8   Next: 75%
Magic:  11/11      EV: 12    Int: 12    God:    Lugonu [****..]
Gold:   259        SH:  4    Dex: 11    Spells: 7/7 levels left

rFire    x . .     SeeInvis .   o - +0 long sword
rCold    + . .     Gourm    .   i - +0 buckler
rNeg     + + +     Faith    .   c - +2 ring mail {MR+}
rPois    ∞         Spirit   .   l - +0 helmet
rElec    .         Reflect  .   (no cloak)
rCorr    .         Harm     .   s - +0 pair of gloves
MR       ++...                  (no boots)
Stlth    +.........             j - amulet of regeneration
HPRegen  0.60/turn              (no ring)
MPRegen  0.12/turn              (no ring)

@: no status effects
A: no food or potions, fire vulnerability, cold resistance 1, negative energy
resistance 3, torment resistance, unbreathing
a: Depart the Abyss, Bend Space, Banish, Corrupt, Renounce Religion


You were on level 7 of the Dungeon.
You worshipped Lugonu.
Lugonu was greatly pleased with you.
You were not hungry.

You visited 2 branches of the dungeon, and saw 8 of its levels.
You visited the Abyss 1 time.

You collected 259 gold pieces.

Inventory:

Hand Weapons
 o - a +0 long sword (weapon)
Missiles
 g - 25 poisoned darts (quivered)
Armour
 c - a +2 ring mail of magic resistance (worn)
 i - a +0 buckler (worn)
 l - a +0 helmet (worn)
 s - a +0 pair of gloves (worn)
Jewellery
 j - an amulet of regeneration (around neck)
Wands
 a - a wand of flame (15)
 q - a wand of acid (5)
 r - a wand of random effects (26)
Scrolls
 b - 5 scrolls of teleportation {unknown}
 d - 2 scrolls of remove curse
 e - 6 scrolls of identify {unknown}
 f - 2 scrolls of fog {unknown}
 h - a scroll of enchant weapon {unknown}
 k - a scroll of random uselessness {unknown}
 m - a scroll of blinking {unknown}
 n - 2 scrolls of amnesia {unknown}
 p - a scroll of magic mapping {unknown}


   Skills:
 + Level 5.0 Fighting
 * Level 4.9 Long Blades
 + Level 3.6 Armour
 + Level 3.4 Dodging
 - Level 4.0 Shields
 + Level 4.0 Invocations


You had 7 spell levels left.
You didn't know any spells.
Your spell library contained the following spells:

 Spells                   Type           Power        Failure   Level  Hunger
 Confusing Touch          Hex            #.....       52%         1    N/A
 Corona                   Hex            #......      52%         1    N/A
 Slow                     Hex            #.......     65%         2    N/A
 Confuse                  Hex            #.......     87%         3    N/A
 Gell's Gravitas          Tloc           #.........   87%         3    N/A
 Inner Flame              Hex/Fire       #.......     87%         3    N/A
 Portal Projectile        Hex/Tloc       #.....       87%         3    N/A
 Cause Fear               Hex            #.........   99%         4    N/A
 Leda's Liquefaction      Hex/Erth       #.........   99%         4    N/A
 Petrify                  Tmut/Erth      #.......     99%         4    N/A
 Metabolic Englaciation   Hex/Ice        #.........   100%        5    N/A
 Yara's Violent Unravell  Hex/Tmut       #.........   100%        5    N/A

Dungeon Overview and Level Annotations

Branches:
Dungeon (7/15)             Temple (1/1) D:5

Altars:
Ashenzari
Cheibriados
Dithmenos
Elyvilon
Fedhas
Gozag
Hepliaklqana
Kikubaaqudgha
Qazlal
Ru
Sif Muna
Trog
Uskayaw
Wu Jian
Xom
Yredelemnul
The Shining One

Annotations:
D:5 1 runed translucent door, Crazy Yiuf


Innate Abilities, Weirdness & Mutations

You do not eat or drink.
Your flesh is vulnerable to fire.
You are immune to poison.
Your flesh is cold resistant. (rC+)
You are immune to negative energy. (rN+++)
You are immune to unholy pain and torment.
You can survive without breathing.


Message History

You hit the ogre.
The ogre is heavily wounded.
The ogre hits you with a +0 giant club!
You hit the ogre.
The ogre is severely wounded.
You block the ogre's attack.
You hit the ogre.
The ogre is severely wounded.
The ogre hits you with a +0 giant club!
* * * LOW HITPOINT WARNING * * *
You hit the ogre but do no damage.
The ogre is severely wounded.
You hit the ogre but do no damage.
The ogre is severely wounded.
The ogre closely misses you.
You riposte.
You barely miss the ogre.
The ogre is severely wounded.
You barely miss the ogre.
The ogre is severely wounded.
The ogre hits you with a +0 giant club!
You die...

#..... #.##.# #....
#.##.# #.... #..#.#
#.....###.#.####...
#...............#
.....###..###.#
.### #..# ###.##.##
#......@#
#.#.###O##.#'## #
#........ #........
#........ #........
#........ #........
#........


You could see an ogre.

Vanquished Creatures
  4 ogres
  2 centaurs
  5 bullfrogs
  2 scorpions
  A howler monkey (D:7)
  2 crimson imps
  A bullfrog zombie (D:6)
  2 orc priests (D:4)
  A centaur skeleton (D:6)
  4 hounds
  3 orc wizards
  4 worker ants
  A hound zombie (D:6)
  A worker ant zombie (D:6)
  2 gnolls (D:3)
  10 adders
  2 shadow imps
  An ooze (D:1)
  4 adder skeletons
  2 worms (D:3)
  5 dart slugs
  4 leopard geckos
  16 orcs
  2 ball pythons (D:2)
  5 giant cockroaches
  7 goblins
  8 hobgoblins
  3 jackals (D:4)
  8 bats
  7 frilled lizards
  2 jackal zombies
  13 kobolds
  2 quokka skeletons
  9 rats
145 creatures vanquished.

Vanquished Creatures (others)
  A goblin (D:1)
  A hobgoblin (D:1)
2 creatures vanquished.

Grand Total: 147 creatures vanquished

Notes
Turn   | Place    | Note
-------+----------+-------------------------------------------
     0 | Abyss:1  | Arixos the Mummy Abyssal Knight began the quest for the
                  | Orb.
     0 | Abyss:1  | Reached XP level 1. HP: 18/18 MP: 2/2
    45 | D:1      | Escaped the Abyss
   304 | D:1      | Reached skill level 1 in Dodging
   314 | D:1      | Reached XP level 2. HP: 18/24 MP: 3/3
   432 | D:1      | Reached ** piety under Lugonu
   480 | D:1      | Reached XP level 3. HP: 24/29 MP: 4/4
   827 | D:2      | Reached XP level 4. HP: 17/35 MP: 5/5
  1134 | D:2      | Found a stormy altar of Qazlal.
  1854 | D:3      | Reached *** piety under Lugonu
  1887 | D:3      | Reached XP level 5. HP: 29/41 MP: 6/6
  2296 | D:3      | Reached skill level 1 in Shields
  2580 | D:4      | Reached XP level 6. HP: 37/48 MP: 7/7
  2799 | D:4      | Reached skill level 4 in Fighting
  2951 | D:4      | Reached XP level 7. HP: 54/54 MP: 9/9
  3988 | D:5      | Entered Level 5 of the Dungeon
  4180 | D:5      | Found a staircase to the Ecumenical Temple.
  4187 | Temple   | Entered the Ecumenical Temple
  4671 | D:5      | Found a runed translucent door.
  4672 | D:5      | Noticed Crazy Yiuf
  5023 | D:6      | Reached XP level 8. HP: 44/61 MP: 10/10
  5078 | D:5      | Reached **** piety under Lugonu
  6084 | D:7      | Reached skill level 5 in Fighting
  6116 | D:7      | Got a jasper-encrusted ring mail
  6127 | D:7      | Identified the cursed +0 ring mail "Amifay" {*Corrode Str+6
                  | Dex+3} (You found it on level 7 of the Dungeon)
  6240 | D:7      | Slain by an ogre

Levels and vault maps discovered:
D:1:      scummos_arrival_star, layout_basic, lemuel_flame_loot_1
D:2:      layout_basic, grunt_qazlal_clouds
D:3:      minmay_razor_zed, layout_rooms
D:4:      layout_layer_cave, first_ration, dk_noncrumbling_4
D:5:      layout_basic, minmay_temple_entry_junction, uniq_crazy_yiuf_cottage
D:6:      layout_cave_pods
D:7:      gammafunk_cloud_chamber, layout_basic
Temple:   compressed_dpeg_circular_temple

Skill      XL: |  1  2  3  4  5  6  7  8 |
---------------+-------------------------+-----
Dodging        | 1 2 3 |  3.4
Invocations    | 2 3 4 |  4.0
Long Blades    | 2 3 4 |  4.9
Armour         | 2 3 |  3.6
Shields        | 1 2 3 4 |  4.0
Fighting       | 4 5 |  5.0

Action                   |  1- 3 |  4- 6 |  7- 9 || total
-------------------------+-------+-------+-------++-------
Melee: Falchion          |   106 |   192 |       ||   298
       Long sword        |       |    21 |   273 ||   294
  Use: Scroll            |       |     2 |     1 ||     3
Armor: Ring mail         |    61 |    79 |    95 ||   235
Dodge: Dodged            |    58 |   141 |   162 ||   361
Block: Buckler           |       |    46 |    58 ||   104
       Rpst.: Falchion   |    18 |    47 |       ||    65
       Long sword        |       |     9 |    51 ||    60
